 Dungeon Crawl Stone Soup version 0.17.1-2-g5865329 (webtiles) character file.

50 Faustar the Magician (level 3, -3/19 HPs)
             Began as a Deep Elf Conjurer on Feb 7, 2016.
             Shot with an arrow by a centaur (9 damage)
             ... on level 3 of the Dungeon.
             The game lasted 00:03:45 (1457 turns).

Faustar the Magician (Deep Elf Conjurer)            Turns: 1457, Time: 00:03:45

Health: -3/19      AC:  8    Str:  5    XL:     3   Next: 55%
Magic:  3/11       EV: 13    Int: 20    God:
Gold:   77         SH:  0    Dex: 15    Spells: 2 memorised, 9 levels left

rFire  . . .     SeeInvis .     n - +1 mace (protect)
rCold  . . .     Clarity  .     a - +0 robe
rNeg   . . .     SustAt   .     (no shield)
rPois  .         Gourm    .     (no helmet)
rElec  .         Spirit   .     (no cloak)
rCorr  .         Warding  .     g - +0 pair of gloves
rMut   .         Stasis   .     (no boots)
MR     .....                    (no amulet)
Stlth  ++........               (no ring)
                                (no ring)

@: not resistant to hostile enchantments, unstealthy
A: no striking features
a: no special abilities


You were on level 3 of the Dungeon.
You were not hungry.

You visited 1 branch of the dungeon, and saw 3 of its levels.

You collected 77 gold pieces.

Inventory:

Hand Weapons
 i - a +0 dagger
 n - a +1 mace of protection (weapon)
Armour
 a - a +0 robe (worn)
 g - a +0 pair of gloves (worn)
Scrolls
 e - 2 scrolls of identify {unknown}
 k - 3 scrolls of random uselessness {unknown}
 l - a scroll of blinking {unknown}
 p - a scroll of fear {unknown}
Potions
 f - a potion of invisibility {unknown}
 h - a potion of ambrosia {unknown}
Books
 b - a book of Conjurations

   Spells                             Type                      Level
   a - Magic Dart                     Conjuration                  1
   b - Searing Ray                    Conjuration                  2
   c - Dazzling Spray                 Conjuration/Hexes            3
   d - Fulminant Prism                Conjuration/Hexes            4
   e - Iskenderun's Mystic Blast      Conjuration                  4
   f - Iskenderun's Battlesphere      Conjuration/Charms           5
Comestibles
 c - a bread ration
 d - 3 beef jerkies
 j - a slice of pizza
 m - a meat ration
 o - 7 chunks of flesh


   Skills:
 - Level 2.4 Dodging
 - Level 2.4 Stealth
 + Level 5.4 Spellcasting
 - Level 4.3 Conjurations


You had 9 spell levels left.
You knew the following spells:

 Your Spells              Type           Power        Failure   Level  Hunger
a - Magic Dart            Conj           ###.         1%          1    None
b - Searing Ray           Conj           ###...       2%          2    None


Dungeon Overview and Level Annotations

Branches:
Dungeon (3/15)

Altars:


Message History

The centaur is lightly wounded.
The hobgoblin shouts!
The hobgoblin moves out of view.
The searing ray hits the centaur.
The centaur is heavily wounded.
The centaur shoots an arrow.
The arrow barely misses you.
Casting: Searing Ray
Confirm with . or Enter, or press ? or * to list all spells.
Aiming: Searing Ray
Press: ? - help, Shift-Dir - straight line, f/p - centaur
Aim: a centaur, wielding a shortbow (heavily wounded)
The searing ray hits the centaur.
The centaur is severely wounded.
The centaur shoots an arrow.
The arrow hits you!
* * * LOW HITPOINT WARNING * * *
The centaur shoots an arrow.
The arrow barely misses you.
The searing ray hits the centaur.
The centaur is almost dead.
The centaur shoots an arrow.
The arrow hits you!
You die...

######## $......#
.......#########
#.#..@....... ..
#.#c######### #.#
###....##########..
#....#............ #
#..#.#>...##...###.## .
......$c..###...##...##.#
.#........# #.#.#.....#.#
#....%...#
#...........####
#..............#.....#....


You could see a centaur.

Vanquished Creatures
  An adder (D:3)
  An ooze (D:1)
  3 orcs (D:3)
  4 giant cockroaches
  3 goblins
  2 hobgoblins
  5 kobolds
  4 bats (D:1)
  2 giant newts (D:3)
  3 jackals (D:2)
  2 rats (D:1)
30 creatures vanquished.

Notes
Turn   | Place    | Note
--------------------------------------------------------------
     0 | D:1      | Faustar the Deep Elf Conjurer began the quest for the Orb.
     0 | D:1      | Reached XP level 1. HP: 10/10 MP: 6/6
   317 | D:1      | Reached XP level 2. HP: 13/15 MP: 7/9
   618 | D:2      | Found a faded altar to an unknown god.
   707 | D:2      | Reached XP level 3. HP: 19/19 MP: 0/11
  1255 | D:3      | Noticed a centaur
  1275 | D:2      | Learned a level 2 spell: Searing Ray
  1291 | D:3      | Reached skill level 5 in Spellcasting
  1457 | D:3      | Shot with an arrow by a centaur

Action                   || total
-------------------------++-------
Melee: Dagger            ||     7
 Cast: Magic Dart        ||    51
       Searing Ray       ||     4
  Eat: Chunk             ||     1
